 Dungeon Crawl Stone Soup version 0.21.1-1-g345015f (webtiles) character file.

2515 inc the Blocker (level 9, 0/64 HPs)
             Began as a Formicid Fighter on June 9, 2018.
             Was an Initiate of Qazlal.
             Succumbed to Raikon's ghost's poison
             ... on level 7 of the Dungeon.
             The game lasted 00:09:35 (5621 turns).

inc the Blocker (Formicid Fighter)                  Turns: 5621, Time: 00:09:36

Health: 0/64       AC:  9    Str: 26 (27) XL:     9   Next: 83%
Magic:  18/18      EV: 10    Int:  6 (7)  God:    Qazlal [......]
Gold:   283        SH: 12    Dex:  7 (10) Spells: 8/8 levels left

rFire    . . .     SeeInvis +   L - +7 war axe "Enaafruh" {flame, *Noise rC+ Str+2}
rCold    + . .     Gourm    +   c - +0 shield
rNeg     . . .     Faith    .   b - +0 scale mail
rPois    .         Spirit   .   (helmet unavailable)
rElec    .         Reflect  .   r - +0 cloak
rCorr    .         Harm     .   m - +0 pair of gloves
MR       .....                  (no boots)
Stlth    ..........             w - amulet of the gourmand
HPRegen  0.20/turn              q - ring of magical power
MPRegen  0.16/turn              (no ring)

@: lethally poisoned (0 -> -51)
A: permanent stasis, dig shafts and tunnels, four strong arms, antennae 3
a: Dig, Shaft Self, Renounce Religion


You were on level 7 of the Dungeon.
You worshipped Qazlal.
Qazlal was noncommittal.
You were not hungry.

You visited 1 branch of the dungeon, and saw 7 of its levels.
You also visited: Ossuary.

You collected 283 gold pieces.

Inventory:

Hand Weapons
 a - a +0 war axe
 C - a +1 hand axe of electrocution
 L - the +7 war axe "Enaafruh" (weapon) {flame, *Noise rC+ Str+2}
   (You took it off an orc warrior on level 7 of the Dungeon)

   It has been specially enchanted to burn those struck by it, causing extra
   injury to most foes and up to half again as much damage against particularly
   susceptible opponents.
   Big, fiery blades are also staple armaments of hydra-hunters.
   It affects your strength (+2).
   It protects you from cold.
   It may make noises in combat.
Armour
 b - a +0 scale mail (worn)
 c - a +0 shield (worn)
 m - a +0 pair of gloves (worn)
 r - a +0 cloak (worn)
Jewellery
 q - a ring of magical power (left hand)
 w - an amulet of the gourmand (around neck)
 y - an uncursed ring of magical power
Wands
 d - a wand of iceblast (9)
 t - a wand of disintegration (7)
 A - a wand of paralysis (14)
 J - a wand of acid (11)
Scrolls
 e - 2 scrolls of amnesia
 k - 2 scrolls of fear {unknown}
 l - 6 scrolls of teleportation
 n - 4 scrolls of enchant weapon {unknown}
 p - 2 scrolls of random uselessness {unknown}
 s - a scroll of noise {unknown}
 u - a scroll of fog {unknown}
 v - a scroll of identify {unknown}
 x - a scroll of immolation {unknown}
 B - 2 scrolls of magic mapping {unknown}
Potions
 g - 2 potions of lignification {unknown}
 h - 2 potions of curing
 i - a potion of heal wounds
 j - 5 potions of degeneration
 o - 2 potions of flight {unknown}
 z - a potion of invisibility {unknown}
 E - a potion of haste {unknown}
 F - 2 potions of agility {unknown}
 G - a potion of resistance {unknown}
 H - a potion of brilliance {unknown}
 I - a potion of berserk rage {unknown}
Books
 D - a book of Air

   Spells                             Type                      Level
   a - Shock                          Conjuration/Air              1
   b - Swiftness                      Charms/Air                   2
   c - Static Discharge               Conjuration/Air              3
   d - Airstrike                      Air                          4
   e - Lightning Bolt                 Conjuration/Air              5
 K - a book of Geomancy

   Spells                             Type                      Level
   a - Sandblast                      Earth                        1
   b - Passwall                       Transmutation/Earth          2
   c - Stone Arrow                    Conjuration/Earth            3
   d - Petrify                        Transmutation/Earth          4
   e - Lee's Rapid Deconstruction     Earth                        5
Comestibles
 f - 8 rations


   Skills:
 - Level 3.2 Fighting
 + Level 9.2 Axes
 - Level 3.2 Armour
 + Level 11.1 Shields


You had 8 spell levels left.
You didn't know any spells.

Dungeon Overview and Level Annotations

Branches:
Dungeon (7/15)             Temple (0/1) D:7

Altars:
Fedhas
Qazlal
Trog

Annotations:
D:7 Raikon's ghost, novice HOFi


Innate Abilities, Weirdness & Mutations

You cannot be hasted, slowed, berserked, paralysed or teleported.
You can dig through walls and to a lower floor.
Your four strong arms can wield two-handed weapons with a shield.
You have a pair of large antennae on your head. (SInv)


Message History

The orc priest looks encouraged for a moment.
You closely miss the orc priest.
The orc priest is heavily wounded.
You hit Raikon's ghost. You burn Raikon's ghost.
The orc priest calls down the wrath of Beogh upon you.
Beogh smites you!
Raikon's ghost hits you but does no damage.
You are poisoned.
Your scale mail prevents you from hitting the orc priest.
The orc priest is heavily wounded.
You hit Raikon's ghost. You burn Raikon's ghost.
You feel sick. You block the orc priest's attack. Raikon's ghost hits you!
You are more poisoned.
You are too injured to fight recklessly!
You are too injured to fight recklessly!
You are too injured to fight recklessly!
You feel sick. Raikon's ghost hits you!
* * * LOW HITPOINT WARNING * * *
You are more poisoned.
You die...

#.# #...)(..# #.#
#..)).).# #.#
#.......# # #o#
##.......# #∩#⌠###.#
#......).# ⌠...∩.#o#
#......{.# #.Wo#
#........# ###.#
#.#.....#### #@#
#.#.###..... #(#
#.#.###.#### #.#
##.....#.#
#####(####....#.#.#
#.................#
#..####..###........#
........# ######.###
.....#..## #.# .#
.........# ##.##


You could see an orc priest, Raikon's ghost and 2 orcs.

Vanquished Creatures
  Grinder (D:3)
  The ghost of inc the Cudgeler, an amateur DsMo of Qazlal (D:4)
  A hungry ghost (D:7)
  The ghost of tidbits the Sneak, an amateur GnEn (D:6)
  An orc warrior (D:7)
  An ogre (D:5)
  2 centaurs
  A big kobold (D:7)
  5 water moccasin zombies
  A scorpion (D:3)
  A quasit (D:5)
  2 hounds
  2 jellies (D:7)
  3 orc priests
  5 orc wizards
  A bullfrog skeleton (D:4)
  A centaur skeleton (D:7)
  Ijyb (D:3)
  3 iguanas
  5 worker ants
  2 big kobold zombies (Ossuary)
  2 hound zombies (D:7)
  A hound skeleton (D:4)
  2 mummies (Ossuary)
  A worker ant zombie (D:7)
  18 gnolls
  9 adders
  An ooze (D:5)
  4 adder zombies (Ossuary)
  An adder skeleton (D:7)
  9 worms
  4 dart slugs
  5 leopard geckos
  20 orcs
  A ball python (D:5)
  4 giant cockroaches
  4 gnoll zombies (Ossuary)
  10 goblins
  4 hobgoblins
  4 jackals (D:5)
  A quokka (D:2)
  6 bats
  4 frilled lizards
  4 hobgoblin zombies (Ossuary)
  11 kobolds
  4 kobold zombies (Ossuary)
  2 leopard gecko skeletons
  3 orc zombies (Ossuary)
  8 rats
  A butterfly (D:7)
189 creatures vanquished.

Notes
Turn   | Place    | Note
-------+----------+-------------------------------------------
     0 | D:1      | inc the Formicid Fighter began the quest for the Orb.
     0 | D:1      | Reached XP level 1. HP: 18/18 MP: 1/1
    85 | D:1      | Reached XP level 2. HP: 24/24 MP: 2/2
   118 | D:1      | Reached skill level 4 in Shields
   234 | D:1      | Reached XP level 3. HP: 28/29 MP: 3/3
   876 | D:3      | Reached XP level 4. HP: 34/35 MP: 4/4
   917 | D:3      | Reached skill level 5 in Shields
   917 | D:3      | Reached XP level 5. HP: 21/41 MP: 5/5
  1166 | D:3      | Noticed Grinder
  1187 | D:3      | Killed Grinder
  1187 | D:3      | Reached skill level 6 in Shields
  1187 | D:3      | Reached XP level 6. HP: 33/47 MP: 6/6
  1355 | D:3      | Reached skill level 5 in Axes
  1425 | D:3      | Noticed Ijyb
  1436 | D:3      | Reached XP level 7. HP: 32/52 MP: 7/7
  1439 | D:3      | Killed Ijyb
  1458 | D:3      | Reached skill level 7 in Shields
  1922 | D:4      | Found a blossoming altar of Fedhas.
  2530 | D:4      | Noticed inc's ghost (amateur DsMo)
  2557 | D:4      | Killed inc's ghost
  2557 | D:4      | Reached XP level 8. HP: 19/58 MP: 8/8
  2769 | D:4      | Reached skill level 8 in Shields
  3023 | D:5      | Entered Level 5 of the Dungeon
  3790 | D:6      | Reached skill level 9 in Shields
  3795 | D:6      | Noticed tidbits's ghost (amateur GnEn)
  3819 | D:6      | Killed tidbits's ghost
  3986 | D:6      | Reached XP level 9. HP: 57/64 MP: 9/9
  3990 | D:6      | Found a sand-covered staircase.
  4019 | Ossuary  | Entered an ossuary
  4129 | Ossuary  | Reached skill level 10 in Shields
  4665 | D:7      | Noticed Raikon's ghost (novice HOFi)
  4894 | D:7      | Found a stormy altar of Qazlal.
  4905 | D:7      | Became a worshipper of Qazlal Stormbringer
  5085 | D:7      | Noticed a moth of wrath
  5359 | D:7      | Got a translucent war axe {flame}
  5360 | D:7      | Identified the +7 war axe "Enaafruh" {flame, *Noise rC+ Str+2} (You took it off an orc warrior on level 7 of the Dungeon)
  5374 | D:7      | Reached skill level 11 in Shields
  5490 | D:7      | Found a bloodstained altar of Trog.
  5521 | D:7      | Found a staircase to the Ecumenical Temple.
  5621 | D:7      | Succumbed to Raikon's ghost's poison

Skill      XL: |  1  2  3  4  5  6  7  8  9 |
---------------+----------------------------+-----
Shields        | 4 5 6 7 9 11 | 11.1
Axes           | 3 4 5 6 7 9 |  9.2
Fighting       | |  3.2
Armour         | |  3.2

Action                   |  1- 3 |  4- 6 |  7- 9 || total
-------------------------+-------+-------+-------++-------
Melee: War axe           |    96 |    71 |   281 ||   448
       Hand axe          |       |       |   226 ||   226
  Use: Potion            |       |     2 |     4 ||     6
       Scroll            |       |       |     2 ||     2
  Eat: Chunk             |       |     2 |    11 ||    13
       Ration            |       |       |     2 ||     2
Armor: Scale mail        |    49 |    18 |   143 ||   210
Dodge: Dodged            |    36 |    29 |   170 ||   235
Block: Shield            |    48 |    37 |   293 ||   378
